AoeStats
← CL.Keyser Söze

Arabia

509442792Analyzed
2v2 RM · 7d ago on Sep 26, 2026· 51m 46s· 4 players
Game mode
Random Map
Map size
Medium (4 player)
Population
200
Speed
Normal
Resources
Standard
Victory
Conquest
Starting age
Dark Age
Ending age
Imperial Age
RankedLock teamsTeams togetherTeam positionsShared explorationLock speedFull tech treeHidden civsTurbo modeCheats
Victory
Defeat
🇰🇷 Danes · South Korea
900
+16
🇩🇪 Slavs · Germany
835
+18
🇧🇪 Sicilians · Belgium
891
-17
🇧🇪 Burgundians · Belgium
886
-17
CL.Keyser Söze
9:33 Loom
11:19 Feudal Age
14:38 Wheelbarrow
19:12 Double-Bit Axe
19:41 Scale Mail Armor
21:34 Horse Collar
22:02 Arson
23:19 Fletching
27:22 Castle Age
28:52 Pikeman
31:13 Husbandry
31:25 Bloodlines
32:05 Scale Barding Armor
35:11 Bow Saw
42:27 Imperial Age
43:37 Hauberk
45:24 Cavalier
CL.Belginho
10:58 Feudal Age
11:31 Horse Collar
11:39 Double-Bit Axe
13:04 Bow Saw
14:03 Heavy Plow
15:52 Loom
21:48 Castle Age
20:34 Gold Mining
21:02 Forging
20:59 Scale Barding Armor
22:57 Husbandry
25:16 Fortified Wall
26:14 Wheelbarrow
25:36 Cavalier
26:44 Masonry
26:51 Town Watch
30:48 Iron Casting
31:14 Light Cavalry
40:24 Murder Holes
40:46 Elite Skirmisher
41:38 Fletching
44:50 Bodkin Arrow
50:07 Imperial Age
48:22 Crop Rotation
changlee8
0:32 Loom
13:49 Feudal Age
14:28 Arson
15:32 Wheelbarrow
14:49 Double-Bit Axe
14:45 Horse Collar
23:56 Castle Age
22:11 Town Watch
23:47 Bloodlines
24:51 Husbandry
25:23 Bow Saw
25:05 Fletching
26:04 Scale Mail Armor
26:45 Padded Archer Armor
27:34 Pikeman
33:14 Squires
33:53 Forging
33:41 Bodkin Arrow
34:34 Heavy Plow
34:34 Murder Holes
38:53 Imperial Age
37:31 Iron Casting
38:34 Chain Mail Armor
38:35 Leather Archer Armor
38:26 Scale Barding Armor
39:14 Caravan
40:19 Plate Mail Armor
39:41 Light Cavalry
44:24 Blast Furnace
43:45 Chain Barding Armor
43:25 Bracer
43:55 Ring Archer Armor
43:46 Hand Cart
43:02 Elite Skirmisher
44:51 Hoardings
45:02 Halberdier
46:53 Plate Barding Armor
47:32 Town Patrol
49:38 Elite Varangian Guard
50:20 Elite Jomsviking
lawlypop7
13:11 Feudal Age
15:08 Loom
17:50 Castle Age
16:38 Bloodlines
16:41 Double-Bit Axe
16:41 Horse Collar
18:49 Pikeman
19:30 Squires
20:47 Forging
21:00 Town Watch
22:31 Heavy Plow
24:51 Scale Barding Armor
28:07 Fletching
31:04 Ballistics
36:20 Imperial Age
34:26 Scale Mail Armor
35:49 Masonry
38:07 Chemistry
36:52 Halberdier
37:15 Capped Ram
37:27 Cavalier
38:19 Elite Skirmisher
39:38 Chain Mail Armor
40:14 Wheelbarrow
39:56 Detinets
40:27 Chain Barding Armor
40:43 Iron Casting
40:45 Conscription
41:39 Plate Mail Armor
41:05 Bodkin Arrow
40:42 Light Cavalry
43:00 Siege Engineers
45:33 Blast Furnace
45:09 Plate Barding Armor
44:47 Husbandry
44:09 Hussar
45:12 Hand Cart
46:47 Bow Saw
49:19 Bodkin Arrow
49:28 Town Patrol
52:07 Caravan
Connection lost

Rejoining the realm…

Still unreachable

The connection could not be restored.

Session expired

The server has moved on; the page needs a fresh start.